 Dungeon Crawl Stone Soup version 0.27-a0-931-g5a74e75d8f (webtiles) character file.

Game seed: 8807790737214810615

95134 Alarkh the Black Belt (level 15, -12/113 (120) HPs)
             Began as a Demonspawn Gladiator on Apr 10, 2021.
             Was an Initiate of Uskayaw.
             Mangled by a shadow wraith (18 damage)
             ... summoned by a vampire mage
             ... on level 15 of the Dungeon.
             The game lasted 00:41:07 (21333 turns).

Alarkh the Black Belt (Demonspawn Gladiator)       Turns: 21333, Time: 00:41:08

HP:   -12/113 (120) AC: 19    Str: 14    XL:     15   Next: 65%
MP:   16/24         EV: 20    Int: 18    God:    Uskayaw [......]
Gold: 3155          SH: 16    Dex: 15    Spells: 8/14 levels left

rFire    . . .     SeeInvis .     - Unarmed
rCold    + + .     Faith    .   V - +0 buckler
rNeg     . . .     Spirit   .   L - +5 ring mail of Uskayaw {rC+ Regen+ rCorr Stlth+}
rPois    .         Reflect  +   A - +1 helmet
rElec    .         Harm     .   R - +0 cloak
rCorr    +         Rampage  .   X - +2 pair of gloves
Will     +....                  (no boots)
Stlth    +++++.....             E - amulet of reflection
HPRegen  2.28/turn              Q - ring of protection from cold
MPRegen  0.19/turn              a - +4 ring of evasion

@: slowed, drained, very slow
A: hooves 1, large bone plates 2, powered by death 1, demonic magic 1, clever 1,
sturdy frame 1
a: Renounce Religion


You were on level 15 of the Dungeon.
You worshipped Uskayaw.
Uskayaw was pleased with you.
You visited 3 branches of the dungeon, and saw 23 of its levels.
You also visited: Gauntlet and Ice Cave.

You collected 3690 gold pieces.
You spent 535 gold pieces at shops.

Inventory:

Missiles
 c - 11 throwing nets (quivered)
 F - 73 poisoned darts
 P - 11 curare-tipped darts
Armour
 t - the +0 robe of Fallacy {Harm Fly rF+++ MP-9}
   (You found it in an ice cave)

   It renders you almost immune to fire.
   It affects your magic capacity (-9).
   It grants you flight.
   It increases damage dealt and taken.
 A - a +1 helmet (worn)
 G - the +1 ice dragon scales "Hury" {rF- rC++ Int+4 Stlth+}
   (You found it in an ice cave)

   It affects your intelligence (+4).
   It makes you vulnerable to fire.
   It greatly protects you from cold.
   It makes you more stealthy.
 L - the +5 ring mail of Uskayaw (worn) {rC+ Regen+ rCorr Stlth+}
   (You bought it in a shop on level 6 of the Dungeon)

   It protects you from cold.
   It increases your rate of health regeneration.
   It protects you from acid and corrosion.
   It makes you more stealthy.
 R - a +0 cloak (worn)
 V - a +0 buckler (worn)
 X - a +2 pair of gloves (worn)
Magical Staves
 H - a staff of death
Jewellery
 a - a +4 ring of evasion (right hand)
 e - a ring of willpower
 f - a +6 ring of strength
 E - an amulet of reflection (around neck)
 M - a ring of flight
 N - an amulet of magic regeneration
 Q - a ring of protection from cold (left hand)
Wands
 l - a wand of flame (14)
 q - a wand of iceblast (18)
 x - a wand of acid (5)
 y - a wand of mindburst (6)
 I - a wand of digging (13)
 K - a wand of charming (14)
 W - a wand of paralysis (9)
 Z - a wand of polymorph (20)
Scrolls
 b - 2 scrolls of fear
 d - a scroll of magic mapping
 g - a scroll of silence
 j - 9 scrolls of teleportation
 k - a scroll of holy word {unknown}
 m - 2 scrolls of amnesia
 r - 4 scrolls of identify
 u - a scroll of enchant weapon
 O - a scroll of fog
Potions
 h - 2 potions of flight
 i - a potion of brilliance
 o - 4 potions of magic
 p - 6 potions of curing
 s - a potion of cancellation
 v - 2 potions of ambrosia
 w - 3 potions of heal wounds
 B - a potion of might
 C - 2 potions of mutation
 D - a potion of lignification
 S - a potion of resistance {unknown}
Miscellaneous
 n - a lightning rod (4/4)
 z - a tin of tremorstones (2/2)
 J - a condenser vane
 Y - a phantom mirror


   Skills:
 + Level 12.1 Fighting
 - Level 1.7 Throwing
 + Level 9.0 Armour
 + Level 9.4 Dodging
 + Level 9.7 Stealth
 - Level 4.0 Shields
 * Level 15.2 Unarmed Combat
 + Level 12.4 Invocations


You had 8 spell levels left.
You knew the following spells:

 Your Spells              Type           Power      Damage    Failure   Level
a - Blade Hands           Tmut           0%         N/A       100%        6

Your spell library contained the following spells:

 Spells                   Type           Power      Damage    Failure   Level
 Magic Dart               Conj           0%         1d3       28%         1
 Sting                    Tmut/Pois      0%         1d3       28%         1
 Summon Small Mammal      Summ           0%         N/A       28%         1
 Blink                    Tloc           N/A        N/A       41%         2
 Call Imp                 Summ           0%         N/A       41%         2
 Poisonous Vapours        Pois/Air       0%         N/A       41%         2
 Slow                     Hex            0%         N/A       41%         2
 Sublimation of Blood     Necr           0%         N/A       41%         2
 Call Canine Familiar     Summ           0%         N/A       65%         3
 Confusing Touch          Hex            0%         N/A       65%         3
 Conjure Flame            Conj/Fire      0%         6-21      65%         3
 Gell's Gravitas          Tloc           0%         N/A       65%         3
 Ignite Poison            Fire/Tmut/Pois 0%         N/A       65%         3
 Mephitic Cloud           Conj/Pois/Air  0%         N/A       65%         3
 Summon Guardian Golem    Hex/Summ       0%         N/A       65%         3
 Animate Armour           Summ/Erth      0%         N/A       96%         4
 Leda's Liquefaction      Hex/Erth       0%         N/A       96%         4
 Petrify                  Tmut/Erth      0%         N/A       96%         4
 Summon Ice Beast         Ice/Summ       0%         N/A       96%         4
 Summon Lightning Spire   Summ/Air       0%         N/A       96%         4
 Alistair's Intoxication  Tmut/Pois      0%         N/A       100%        5
 Bolt of Magma            Conj/Fire/Erth 0%         4d4       100%        5
 Irradiate                Conj/Tmut      0%         3d14      100%        5
 Metabolic Englaciation   Hex/Ice        0%         N/A       100%        5
 Yara's Violent Unravell  Hex/Tmut       0%         3d3       100%        5
 Eringya's Noxious Bog    Tmut/Pois      0%         N/A       100%        6
 Freezing Cloud           Conj/Ice/Air   0%         6-21      100%        6
 Iron Shot                Conj/Erth      0%         9d1       100%        6
 Statue Form              Tmut/Erth      0%         N/A       100%        6
 Dragon Form              Tmut           0%         N/A       100%        7
 Shatter                  Erth           0%         3d5*      100%        9


Dungeon Overview and Level Annotations

Branches:
Dungeon (15/15)            Temple (0/1) D:5            Lair (6/6) D:10
  Swamp (0/4) Lair:2        Snake (0/4) Lair:3        Slime (0/5) Lair:5
    Orc (2/2) D:10            Elf (0/3) Orc:2        Vaults (0/5) D:14
 Depths (0/5) D:15          IceCv (visited)         Gauntlet (visited)

Altars:
Ashenzari
Cheibriados
Elyvilon
Fedhas
Makhleb
Qazlal
Ru
Trog
Uskayaw
Vehumet
Wu Jian
Xom
Yredelemnul

Shops:
D:2 (   D:3 (   D:4 *   D:6 [   D:7 [   Orc:2 *:*(

Portals:
Hell: Lair:6
Pandemonium: Orc:2
Trove: D:12 (give +5 demon blade)


Innate Abilities, Weirdness & Mutations

You have large cloven feet.
You are mostly covered in large bone plates. (SH +6)
You regenerate a little health from kills.
Spells you cast may paralyse adjacent enemies.
Your mind is acute. (Int +2)
Your movements are slightly less encumbered by armour. (ER -2)


Message History

Unknown command.
Okay, then.
You closely miss the skeletal warrior.
You kick the skeletal warrior, but do no damage.
The skeletal warrior is almost destroyed.
The necromancer gestures at you while chanting.
The bolt of negative energy hits something.
The bolt of negative energy hits the phantasmal warrior.
The phantasmal warrior completely resists.
The bolt of negative energy hits you!
You feel drained.
* * * LOW HITPOINT WARNING * * *
The centaur warrior skeleton hits you but does no damage.
The centaur warrior skeleton kicks you but does no damage.
A tengu warrior zombie comes into view.
The tengu conjurer zombie misses you.
You block the tengu conjurer zombie's attack. x2
The spriggan berserker zombie misses you.
The storm dragon zombie bites you but does no damage.
The storm dragon zombie completely misses you.
You block the storm dragon zombie's attack.
The skeletal warrior hits you with a +0 battleaxe.
* * * LOW HITPOINT WARNING * * *
The skeletal warrior hits you but does no damage.
The phantasmal warrior completely misses you.
You block something's attack.
You punch the tengu conjurer zombie!
You destroy the tengu conjurer zombie!
You block the centaur warrior skeleton's attack.
The centaur warrior skeleton closely misses you.
The skeletal warrior closely misses you.
You block the skeletal warrior's attack.
You block the storm dragon zombie's attack.
The storm dragon zombie barely misses you.
The storm dragon zombie tramples you.
* * * LOW HITPOINT WARNING * * *
You block the phantasmal warrior's attack.
You block the centaur warrior skeleton's attack.
The centaur warrior skeleton completely misses you.
Something hits you!!
You die...

#.##..# #.##..#
#.##..# #.# ...
#.# .### ##.# .#
#####..##.#
####..Z8Z....##
.......@Z.....#
...8..zW{......#
#.....8{8z..8..#
#.PP...p8.P..8.#
#..8...8.8..8..#
#.......>8...8..
##......Z......#
#8.8...$..PP..


You could see 2 skeletal warriors, a phantasmal warrior (summoned), a
necromancer, a storm dragon zombie, a spriggan berserker zombie, a tengu warrior
zombie and a centaur warrior skeleton (summoned).

Vanquished Creatures
  Frances (D:14)
  Gastronok (Orc:1)
  Roxanne (D:14)
  Nessos (Lair:5)
  A minotaur (Gauntlet)
  The ghost of PeterLawrence the Bludgeoner, a journeyman MiFi of Okawaru (D:10)
  3 hydras
  2 vault guards (D:14)
  Harold (D:7)
  Erolcha (Orc:1)
  A two-headed ogre (D:11)
  2 centaur warriors
  2 tengu warriors (D:14)
  6 death yaks (Lair:6)
  5 orc high priests
  2 sun demons
  2 large abominations (Gauntlet)
  Urug (D:11)
  Sonja (Lair:5)
  The ghost of Lanoc the Stormcaller, a novice TeAE of Hepliaklqana (D:10)
  A sea snake (shapeshifter) (Gauntlet)
  A deep troll (shapeshifter) (Gauntlet)
  A torturous demonspawn (Orc:2)
  A deep elf pyromancer (D:14)
  A necromancer (D:14)
  3 wizards
  6 orc knights
  7 orc sorcerers (Orc:2)
  4 ugly things
  2 oklob plants (Lair:5)
  5 cyclopes
  8 elephants (Lair:6)
  Joseph (D:8)
  3 ice statues (IceCv)
  4 orange demons
  3 black mambas
  11 cane toads
  2 smoke demons
  Maggie (D:5)
  An efreet (D:13)
  A kobold demonologist (D:12)
  2 hellwings (Orc:2)
  A minotaur zombie (Gauntlet)
  9 komodo dragons
  Psyche (D:9)
  6 rime drakes
  3 ice devils
  2 polar bears
  2 tyrant leeches (Lair:2)
  A jumping spider (shapeshifter) (Gauntlet)
  3 meliai (D:14)
  2 red devils
  2 trolls
  3 hornets (D:9)
  Prince Ribbit (D:6)
  23 dream sheep
  11 blink frogs
  3 wraiths
  67 yaks
  3 water elementals (D:12)
  2 vampires
  3 wyverns
  19 humans
  A chaos spawn (Orc:2)
  2 steam dragons (D:7)
  14 vampire mosquitoes
  3 basilisks
  Menkaure (D:6)
  3 swamp worms (Lair:2)
  An acid dragon (D:13)
  Duvessa (D:6)
  2 nagas (Lair:3)
  9 water moccasins
  4 hell hounds (Lair:6)
  6 ice beasts (IceCv)
  4 black bears
  2 hornet zombies
  2 sky beasts
  31 orc warriors
  4 small abominations (Gauntlet)
  17 wolves
  3 ogres
  6 necrophages (D:8)
  13 centaurs
  5 kobold brigands
  Blork the orc (D:6)
  8 bullfrogs
  A gnoll sergeant (D:13)
  2 scorpions
  Dowan (D:6)
  A wyvern skeleton (D:5)
  A tengu zombie (D:15)
  3 killer bees
  A howler monkey (D:8)
  7 wights (D:8)
  4 electric eels
  4 crimson imps
  6 centaur zombies
  3 hounds
  A centaur skeleton (D:7)
  32 orc priests
  Crazy Yiuf (D:7)
  A bullfrog skeleton (D:6)
  A gnoll shaman (D:6)
  An iguana (D:4)
  27 orc wizards
  2 killer bee zombies
  3 mummies (D:8)
  2 howler monkey zombies
  16 gnolls
  4 adders
  3 white imps (D:5)
  A dart slug (D:3)
  84 orcs
  8 bats
  7 endoplasms
  2 giant cockroaches
  5 goblins
  11 hobgoblins
  18 jackals
  A quokka (D:3)
  8 ball pythons
  4 frilled lizards
  14 kobolds
  7 rats
713 creatures vanquished.

Vanquished Creatures (others)
  A wizard (D:14)
  A black bear (Lair:6)
  An orc wizard (D:7)
  An orc (D:9)
  A demonic plant (Gauntlet)
  13 fungi
  27 plants
  9 withered plants
54 creatures vanquished.

Grand Total: 767 creatures vanquished

Notes
Turn   | Place    | Note
-------+----------+-------------------------------------------
     0 | D:1      | Alarkh the Demonspawn Gladiator began the quest for the
                  | Orb.
     0 | D:1      | Reached XP level 1. HP: 16/16 MP: 1/1
    88 | D:1      | Reached skill level 3 in Unarmed Combat
   103 | D:1      | Gained mutation: You regenerate a little health from kills.
                  | [demonic ancestry]
   103 | D:1      | Reached XP level 2. HP: 6/22 MP: 2/2
   814 | D:1      | Reached XP level 3. HP: 22/28 MP: 3/3
  1183 | D:2      | Found Citi's Weapon Shop.
  1260 | D:2      | Found a snail-covered altar of Cheibriados.
  1861 | D:2      | Found a faded altar of an unknown god.
  2139 | D:3      | Reached skill level 4 in Unarmed Combat
  2139 | D:3      | Gained mutation: You are partially covered in large bone
                  | plates. (SH +4) [demonic ancestry]
  2139 | D:3      | Reached XP level 4. HP: 34/34 MP: 4/4
  2146 | D:3      | Found Rofyoz's Weapon Shop.
  2605 | D:3      | Reached XP level 5. HP: 41/41 MP: 5/5
  2638 | D:3      | Noticed a black bear
  2656 | D:3      | Killed a black bear
  2657 | D:3      | Reached skill level 5 in Unarmed Combat
  2798 | D:3      | Gained mutation: You have large cloven feet. [demonic
                  | ancestry]
  2798 | D:3      | Reached XP level 6. HP: 11/48 MP: 6/6
  2925 | D:4      | Found Jirr's Lightly-Used Armoury.
  3051 | D:4      | Reached skill level 6 in Unarmed Combat
  3280 | D:4      | Identified the +0 robe "Muanavun" {rPois rF- rN+}
  3358 | D:4      | Found a hide-covered altar of Uskayaw.
  3366 | D:4      | Became a worshipper of Uskayaw the Reveller
  3394 | D:5      | Entered Level 5 of the Dungeon
  3399 | D:5      | Reached * piety under Uskayaw
  3637 | D:5      | Found a staircase to the Ecumenical Temple.
  3685 | D:5      | Reached ** piety under Uskayaw
  3698 | D:5      | Gained mutation: Spells you cast may paralyse adjacent
                  | enemies. [demonic ancestry]
  3698 | D:5      | Reached XP level 7. HP: 14/55 MP: 7/7
  3868 | D:5      | Reached skill level 5 in Fighting
  3948 | D:5      | Reached *** piety under Uskayaw
  4122 | D:6      | Noticed Prince Ribbit
  4126 | D:6      | Reached skill level 7 in Unarmed Combat
  4127 | D:6      | Noticed Dowan
  4128 | D:6      | Noticed Duvessa
  4134 | D:6      | Reached **** piety under Uskayaw
  4139 | D:6      | HP: 1/55 [Prince Ribbit (9)]
  4139 | D:6      | Reached ***** piety under Uskayaw
  4140 | D:6      | Killed Prince Ribbit
  4141 | D:6      | Reached XP level 8. HP: 3/63 MP: 8/8
  4150 | D:6      | Reached ****** piety under Uskayaw
  4155 | D:6      | Noticed Blork the orc
  4157 | D:6      | Killed Duvessa
  4162 | D:6      | Killed Dowan
  4163 | D:6      | Reached skill level 8 in Unarmed Combat
  4169 | D:6      | Killed Blork the orc
  4226 | D:6      | Noticed Menkaure
  4286 | D:6      | Noticed Maggie
  4378 | D:5      | Reached skill level 9 in Unarmed Combat
  4383 | D:5      | Reached XP level 9. HP: 21/72 MP: 9/9
  4486 | D:5      | Killed Maggie
  4569 | D:6      | Killed Menkaure
  4623 | D:6      | Found an ornate altar of the Wu Jian Council.
  4701 | D:6      | Found Alufagra's Antique Armour Boutique.
  4706 | D:6      | Bought a spiked ring mail for 279 gold pieces
  4706 | D:6      | Identified the +5 ring mail of Uskayaw {rC+ Regen+ rCorr
                  | Stlth+} (You bought it in a shop on level 6 of the Dungeon)
  4950 | D:7      | Noticed Harold
  4964 | D:7      | Killed Harold
  4965 | D:7      | Reached skill level 1 in Armour
  4965 | D:7      | Reached skill level 1 in Stealth
  4965 | D:7      | Reached skill level 10 in Unarmed Combat
  5031 | D:7      | Found a blossoming altar of Fedhas.
  5036 | D:7      | Found a stormy altar of Qazlal.
  5110 | D:7      | Reached XP level 10. HP: 69/80 MP: 12/12
  5535 | D:7      | Found Rurhi's Antique Armour Emporium.
  5645 | D:7      | Found a runed translucent door.
  5645 | D:7      | Noticed Crazy Yiuf
  5782 | D:7      | Killed Crazy Yiuf
  5948 | D:8      | Found a bloodstained altar of Trog.
  6066 | D:8      | Noticed Joseph
  6093 | D:8      | Killed Joseph
  6272 | D:8      | Found a radiant altar of Vehumet.
  6501 | D:9      | Noticed Psyche
  6532 | D:9      | Killed Psyche
  6547 | D:9      | Reached skill level 11 in Unarmed Combat
  6624 | D:9      | Reached skill level 5 in Invocations
  6687 | D:9      | Found a runed translucent door.
  6688 | D:9      | Found a basalt altar of Yredelemnul.
  6726 | D:9      | Reached XP level 11. HP: 87/87 MP: 15/15
  6907 | D:9      | Found a sacrificial altar of Ru.
  7104 | D:10     | Entered Level 10 of the Dungeon
  7122 | D:10     | Found a staircase to the Lair.
  7147 | Lair:1   | Entered Level 1 of the Lair of Beasts
  7264 | Lair:1   | Reached skill level 5 in Dodging
  8546 | Lair:2   | Noticed a four-headed hydra
  8555 | Lair:2   | Killed a four-headed hydra
  8731 | Lair:2   | Found a staircase to the Swamp.
  9121 | Lair:2   | Reached skill level 5 in Stealth
  9389 | Lair:3   | Reached skill level 12 in Unarmed Combat
  9479 | Lair:3   | Found a staircase to the Snake Pit.
  9721 | D:7      | Bought an encrusted tower shield for 256 gold pieces
  9721 | D:7      | Identified the -1 tower shield of Hiczym {Drain rF+ rN+}
                  | (You bought it in a shop on level 7 of the Dungeon)
  9832 | D:10     | Found a runed translucent gate.
  9833 | D:10     | Found a runed translucent gate.
  9834 | D:10     | Found a runed translucent gate.
  9841 | D:10     | Found a broken altar of Ashenzari.
  9849 | D:10     | Noticed Lanoc's ghost (novice TeAE)
  9849 | D:10     | Noticed PeterLawrence's ghost (journeyman MiFi)
 10045 | D:10     | Found a staircase to the Orcish Mines.
 10078 | D:10     | Reached skill level 5 in Armour
 10078 | D:10     | Reached XP level 12. HP: 84/96 MP: 17/17
 10394 | D:11     | Noticed a two-headed ogre
 10405 | D:11     | Killed a two-headed ogre
 10406 | D:11     | Reached skill level 1 in Shields
 10777 | D:11     | Noticed Urug
 10829 | D:11     | Killed Urug
 11200 | Lair:2   | Gained mutation: Your mind is acute. (Int +2) [potion of
                  | mutation]
 11200 | Lair:2   | Gained mutation: You have a pair of small horns on your
                  | head. [potion of mutation]
 11201 | Lair:2   | Lost mutation: Your mind is acute. (Int +2) [potion of
                  | mutation]
 11201 | Lair:2   | Lost mutation: You have a pair of small horns on your head.
                  | [potion of mutation]
 11201 | Lair:2   | Gained mutation: Your movements are slightly less
                  | encumbered by armour. (ER -2) [potion of mutation]
 11201 | Lair:2   | Gained mutation: Your mind is acute. (Int +2) [potion of
                  | mutation]
 11509 | Lair:3   | Found a basalt altar of Yredelemnul.
 12472 | Lair:4   | Reached skill level 10 in Fighting
 13124 | Lair:5   | Found a staircase to the Slime Pits.
 13209 | Lair:5   | Gained mutation: You are mostly covered in large bone
                  | plates. (SH +6) [demonic ancestry]
 13209 | Lair:5   | Reached XP level 13. HP: 102/103 MP: 16/19
 13281 | Lair:5   | Noticed Nessos
 13300 | Lair:5   | Killed Nessos
 13301 | Lair:5   | Reached skill level 13 in Unarmed Combat
 13546 | Lair:5   | Noticed Sonja
 13553 | Lair:5   | Killed Sonja
 13807 | Lair:6   | Entered Level 6 of the Lair of Beasts
 13843 | Lair:6   | Found a gate leading to a gauntlet.
 13871 | Gauntlet | Entered a Gauntlet
 13871 | Gauntlet | Found a transporter.
 13881 | Gauntlet | Found a transporter.
 13892 | Gauntlet | Found a transporter.
 13895 | Gauntlet | Found a transporter.
 13907 | Gauntlet | Found a transporter.
 13923 | Gauntlet | Found a transporter.
 13934 | Gauntlet | Found a transporter.
 13947 | Gauntlet | Found a transporter.
 13954 | Gauntlet | Found a transporter.
 13971 | Gauntlet | Found a transporter.
 13982 | Gauntlet | Found a transporter.
 14035 | Gauntlet | Found a transporter.
 14048 | Gauntlet | Found a transporter.
 14278 | Gauntlet | Identified the +0 pair of gloves "Saics" {rPois Regen+
                  | Str-5 Dex+2}
 14304 | Gauntlet | Identified the +8 arbalest of Recklessness {vorpal, +Inv
                  | Dex+5}
 14304 | Gauntlet | Noticed a minotaur
 14321 | Gauntlet | Killed a minotaur
 14551 | Lair:6   | Reached skill level 10 in Invocations
 14877 | Lair:6   | Reached XP level 14. HP: 57/111 MP: 21/21
 15587 | Lair:6   | Reached skill level 14 in Unarmed Combat
 15642 | Lair:6   | Found a burning altar of Makhleb.
 15680 | Lair:6   | Found a gateway to Hell.
 15687 | Lair:6   | Identified Woisezibb's Tome of Transformation and
                  | Envenoming
 16944 | D:12     | Found a portal to a secret trove of treasure.
 17442 | D:10     | Killed Lanoc's ghost
 17448 | D:10     | Killed PeterLawrence's ghost
 17600 | Orc:1    | Entered Level 1 of the Orcish Mines
 17683 | Orc:1    | Found a frozen archway.
 17683 | Orc:1    | Noticed Gastronok
 17717 | Orc:1    | Killed Gastronok
 17931 | IceCv    | Entered an ice cave
 17954 | IceCv    | Identified the +0 robe of Fallacy {Harm Fly rF+++ MP-9}
 18090 | IceCv    | Identified the +1 ice dragon scales "Hury" {rF- rC++ Int+4
                  | Stlth+}
 18182 | Orc:2    | Entered Level 2 of the Orcish Mines
 18216 | Orc:2    | Found a staircase to the Elven Halls.
 18458 | Orc:2    | Learned a level 6 spell: Blade Hands
 18550 | Orc:1    | Noticed Erolcha
 18570 | Orc:1    | Killed Erolcha
 18998 | Orc:2    | Found Efiazeg's General Store.
 19000 | Orc:2    | Found Meczuyle's General Store.
 19043 | Orc:2    | Reached XP level 15. HP: 84/119 MP: 20/23
 19241 | Orc:2    | Paralysed by an orc sorcerer for 4 turns
 19252 | Orc:2    | Paralysed by an orc sorcerer for 4 turns
 19283 | Orc:2    | Found Rumpoin's Antique Weapon Shoppe.
 19283 | Orc:2    | Found Cotanots's Book Emporium.
 19283 | Orc:2    | Found a one-way gate leading to the halls of Pandemonium.
 19986 | D:13     | Identified a scroll of acquirement
 19986 | D:13     | Acquired 854 gold pieces
 20262 | D:13     | Found a shimmering altar of Xom.
 20480 | D:14     | Noticed Roxanne
 20592 | D:14     | Killed Roxanne
 20718 | D:14     | Noticed Frances
 20734 | D:14     | HP: 6/120 [Frances/+0 vorpal dire flail (22)]
 20734 | D:14     | HP: 1/120 [Frances/+0 vorpal dire flail (5)]
 20747 | D:14     | Killed Frances
 20748 | D:14     | Reached skill level 15 in Unarmed Combat
 20971 | D:14     | Found a gate to the Vaults.
 21219 | D:14     | Found an ornate altar of the Wu Jian Council.
 21280 | D:15     | Entered Level 15 of the Dungeon
 21321 | D:15     | Found a staircase to the Depths.
 21333 | D:15     | Mangled by a shadow wraith

Illustrated notes

Levels and vault maps discovered:
D:1:      dpeg_arrival_stonehenge_8_columns, layout_basic, serial_forest,
          infiniplex_forest_lined_ring, infiniplex_forest_side_room,
          infiniplex_forest_straight_1, infiniplex_forest_end_double,
          minmay_misc_feat_secret_circle, minmay_pentomino_r4
D:2:      cheibrodos_helix_gallery, layout_loops_corners,
          shapermc_ecumenical_altar_flowoftime, basic_altar, serial_shops, shop,
          st_stairs_3, kennysheep_generic_room_10
D:3:      minmay_chambers_of_threes, layout_rooms, lemuel_crystal_altar,
          serial_shops, shop, grunt_decor_mini_mirrors
D:4:      layout_rooms, nicolae_uskayaw_suspiria, minmay_shop_damaged,
          minmay_misc_feat_ornament
D:5:      layout_loops_ring, minmay_temple_entry_mini_moons,
          minmay_misc_feat_pillars, minmay_fire_ice_demons
D:6:      layout_cave_pools, kennysheep_mini, serial_shops,
          kennysheep_little_box, uniq_prince_ribbit1, uniq_menkaure,
          uniq_blork_the_orc, uniq_maggie, uniq_duvessa
D:7:      layout_basic, grunt_temple_overflow_forces_of_nature, serial_shops,
          shop_statue, uniq_harold, uniq_crazy_yiuf_cottage
D:8:      layout_cave_pools, old_standard_altar, lemuel_coloured_pillars_altar,
          serial_undead, serial_undead_f, serial_undead_a, serial_undead_f,
          serial_undead_e, serial_undead_e, serial_undead_b, serial_undead_d,
          serial_undead_e, uniq_joseph
D:9:      layout_cave_pools, nicolae_ru_great_annihilating_truth,
          dk_yredelemnul_ordeal, uniq_psyche
D:10:     layout_rooms, kennysheep_mini_moat, david_lair_shrubbed, erik_orc_4,
          gammafunk_ghost_cemetery, kennysheep_nub
D:11:     layout_cave_pools, uniq_urug
D:12:     layout_basic, nicolae_trove_entry_diagonal
D:13:     layout_basic, xom_shifter_show
D:14:     layout_cave_pools, grunt_vaults_entry_tiered,
          nzn_wu_jian_contemplation, uniq_frances, uniq_roxanne
D:15:     gammafunk_depths_entry_grave, layout_loops_ring,
          hangedman_decor_growths, uniq_rupert
Lair:1:   layout_regular_city
Lair:2:   layout_cave_pods, minmay_swamp_entry_worms
Lair:3:   layout_cave_pods, guppyfry_snake_entry_island, basic_altar,
          grunt_megastairs_2
Lair:4:   layout_long_grid
Lair:5:   layout_cave_pods, minmay_slime_entry_oklob_open, uniq_sonja,
          uniq_nessos
Lair:6:   evil_forest, layout_cave_pods, gauntlet_entry_generic,
          gammafunk_lair_bear_cave, grunt_megastairs_4
Orc:1:    layout_caves, portal_ice_cave_demonic_guard, uniq_erolcha,
          uniq_gastronok
Orc:2:    pf_orc_diabolical, layout_diamond_mine

Skill      XL: |  1  2  3  4  5  6  7  8  9 10 11 12 13 14 15 |
---------------+----------------------------------------------+-----
Unarmed Combat | 3 4 5 6 7 9 10 11 12 13 14 15 | 15.2
Fighting       | 3 4 5 7 8 9 10 11 12 | 12.1
Armour         | 2 3 5 6 7 8 9 |  9.0
Dodging        | 3 4 5 6 7 8 9 |  9.4
Stealth        | 2 4 5 6 7 9 |  9.7
Invocations    | 3 5 7 9 10 11 12 | 12.4
Shields        | 3 4 |  4.0
Throwing       | |  1.7

Action                   |  1- 3 |  4- 6 |  7- 9 | 10-12 | 13-15 || total
-------------------------+-------+-------+-------+-------+-------++-------
Melee: Unarmed           |   155 |   210 |   244 |   871 |  1534 ||  3014
       Punch             |     3 |     8 |    14 |    40 |       ||    65
       Kick              |       |    36 |    84 |   336 |   490 ||   946
Throw: Dart              |       |       |       |    32 |       ||    32
       Throwing net      |       |       |       |     1 |     4 ||     5
Invok: Stomp             |       |       |       |     1 |    30 ||    31
Evoke: Wand              |       |       |       |     1 |       ||     1
  Use: Potion            |       |     1 |     1 |     3 |    12 ||    17
       Scroll            |       |       |       |     9 |    15 ||    24
 Stab: Sleeping          |     1 |       |     3 |    11 |    18 ||    33
       Paralysed         |       |       |    15 |    65 |   147 ||   227
       Distracted        |       |       |       |     1 |     4 ||     5
       Held in net/web   |       |       |       |     2 |     1 ||     3
       Invisible         |       |       |       |       |     3 ||     3
Armor: Leather armour    |    45 |    51 |    32 |       |       ||   128
       Ring mail         |       |       |    29 |   327 |   287 ||   643
       Steam dragon scal |       |       |     1 |       |       ||     1
       Skin              |       |       |       |       |     7 ||     7
Dodge: Dodged            |   105 |   117 |   110 |   393 |   724 ||  1449
Block: Other             |       |    41 |    34 |    86 |       ||   161
       Buckler           |       |       |       |   252 |  1073 ||  1325
       Reflection        |       |       |       |     9 |    16 ||    25

Table legend: (Time is in decaauts)
 A = Elapsed time spent in this place.
 B = Non-inter-level travel time spent in this place.
 C = Inter-level travel time spent in this place.
 D = Time resting spent in this place.
 E = Time spent auto-exploring this place.
 F = Levels seen in this place.
 G = Mean time per level.
                   A        B        C        D        E       F      G
               +--------+--------+--------+--------+--------+-----+--------+
         Total |  20789 |  18581 |   2208 |    468 |  13356 |  25 |  831.6 |
       Dungeon |  11246 |  10183 |   1063 |    415 |   7250 |  15 |  749.7 |
          Lair |   7157 |   6164 |    993 |      5 |   4768 |   6 | 1192.8 |
  Orcish Mines |   1679 |   1528 |    151 |     31 |    999 |   2 |  839.5 |
      Ice Cave |    203 |    203 |      0 |      0 |     41 |   1 |  203.0 |
      Gauntlet |    502 |    502 |      0 |     17 |    298 |   1 |  502.0 |
               +--------+--------+--------+--------+--------+-----+--------+

Top non-repeatable levels by time:
  Lair:6: 1589 daAuts
  Lair:2: 1556 daAuts
  Lair:1: 1238 daAuts
     D:1: 1145 daAuts
   Orc:2: 1128 daAuts
    D:10: 1007 daAuts
  Lair:5: 1001 daAuts
  Lair:3: 976 daAuts
     D:2: 956 daAuts
     D:7: 955 daAuts
     D:5: 944 daAuts
    D:12: 876 daAuts
    D:14: 843 daAuts
  Lair:4: 795 daAuts
    D:11: 756 daAuts
